[Event "Titled Tuesday Blitz November 9 2021"]
[White "Budrewicz, Krzysztof"]
[Black "Holt, Conrad"]
[WhiteFideId "1127950"]
[BlackFideId "2034387"]
[WhiteElo "2242"]
[BlackElo "2586"]
[Result "0-1"]
[Round "02"]
[TimeControl "180+1"]
[Date "2021.11.09"]
[WhiteClock "0:00:31"]
[BlackClock "0:00:06"]

1. d4 d5 2. c4 c6 3. Nf3 Nf6 4. Nbd2 Bf5 5. Nh4 Be6 6. e3 g6 7. Be2 Bg7 8. O-O O-O 9. b3 c5 10. Bb2 cxd4 11. exd4 Nc6 12. Nhf3 Ne4 13. c5 Nxc5 14. Ng5 Nxd4 15. Bxd4 Bxd4 16. Rc1 Rc8 17. Ndf3 Bf6 18. b4 Ne4 19. Nxe6 fxe6 20. Bd3 Qd6 21. Bxe4 dxe4 22. Nd2 Rxc1 23. Qxc1 Qxb4 24. Qc2 e3 25. fxe3 Bg5 26. Rxf8+ Kxf8 27. Qd3 Qd6 28. Qc3 Bf6 29. Qc2 Qe5 30. Nf1 Kg7 31. g3 b5 32. Kf2 a5 33. Ke2 b4 34. Nd2 Qh5+ 35. Nf3 Qb5+ 36. Kf2 a4 37. Nd2 Qd5 38. e4 Qd4+ 39. Ke2 b3 40. axb3 a3 41. Qa2 Qb4 42. Nc4 Bb2 43. Nxb2 Qxe4+ 44. Kf2 Qc2+ 45. Kf3 Qxb2 0-1


[Site "https://www.chess.com"]

[Event "Titled Tuesday Blitz November 9 2021"]
[White "Cunjalo, Faris"]
[Black "Potapova, Margarita"]
[WhiteFideId "14410710"]
[BlackFideId "14126869"]
[WhiteElo "2263"]
[BlackElo "2247"]
[Result "1-0"]
[Round "02"]
[TimeControl "180+1"]
[Date "2021.11.09"]
[WhiteClock "0:00:11"]
[BlackClock "0:00:03"]

1. d4 Nf6 2. Bf4 g6 3. Nc3 Bg7 4. e4 d5 5. e5 Ne4 6. Nxe4 dxe4 7. Qd2 c5 8. d5 O-O 9. O-O-O Qb6 10. Qe3 Bg4 11. f3 exf3 12. Nxf3 Nd7 13. h3 Bxf3 14. gxf3 c4 15. Re1 Rfc8 16. c3 Qxe3+ 17. Rxe3 b5 18. Be2 Nc5 19. Rd1 a5 20. Bg3 Rd8 21. f4 e6 22. d6 Rac8 23. Kc2 Rd7 24. Bf3 Nd3 25. Be4 Nc5 26. Bg2 b4 27. Re2 b3+ 28. Kb1 a4 29. a3 Kf8 30. Rd4 Na6 31. Ree4 f5 32. Rxc4 Rcd8 33. Red4 g5 34. Bc6 Rf7 35. Bxa4 gxf4 36. Bxf4 Nb8 37. Rc7 Nd7 38. Bxd7 Rfxd7 39. Rb4 Rxc7 40. dxc7 Rd1+ 41. Bc1 Bh6 42. c8=Q+ Kf7 43. Rb7+ Kg6 44. Qxe6+ Kh5 45. Qxh6# 1-0


[Site "https://www.chess.com"]

[Event "Titled Tuesday Blitz November 9 2021"]
[White "Durarbayli, Vasif"]
[Black "Bartel, Michal"]
[WhiteFideId "13402935"]
[BlackFideId "1119257"]
[WhiteElo "2522"]
[BlackElo "2211"]
[Result "1-0"]
[Round "02"]
[TimeControl "180+1"]
[Date "2021.11.09"]
[WhiteClock "0:01:28"]
[BlackClock "0:00:40"]

1. e4 e5 2. Nc3 Nf6 3. d4 exd4 4. Qxd4 Nc6 5. Qd3 d6 6. Bg5 Be7 7. O-O-O Be6 8. f4 a6 9. Nf3 b5 10. Qe2 Qc8 11. e5 dxe5 12. fxe5 Nd7 13. Qe4 Bxg5+ 14. Nxg5 Nd8 15. Be2 h6 16. Nxe6 Nxe6 17. Rhf1 O-O 18. Nd5 Qd8 19. Bd3 Qg5+ 20. Kb1 g6 21. h4 Qxe5 22. Nf6+ Qxf6 23. Rxf6 Nxf6 24. Qf3 Kg7 25. g4 Rad8 26. Rf1 Nd5 27. a3 Ndf4 28. Be4 Rd4 29. Qc3 c5 30. Qe3 Re8 31. c3 Ra4 32. Bc2 Nd5 33. Qe5+ f6 34. Qxd5 1-0


[Site "https://www.chess.com"]

[Event "Titled Tuesday Blitz November 9 2021"]
[White "Garcia Ramos, Daniel"]
[Black "Zhigalko, Sergei"]
[WhiteFideId "32010311"]
[BlackFideId "13502956"]
[WhiteElo "2267"]
[BlackElo "2662"]
[Result "0-1"]
[Round "02"]
[TimeControl "180+1"]
[Date "2021.11.09"]
[WhiteClock "0:00:07"]
[BlackClock "0:00:04"]

1. e4 c5 2. Nf3 Nc6 3. d4 cxd4 4. Nxd4 Nf6 5. Nc3 e5 6. Ndb5 d6 7. Nd5 Nxd5 8. exd5 Nb8 9. a4 Be7 10. Be2 O-O 11. O-O f5 12. Bd2 Nd7 13. a5 Nf6 14. Bb4 a6 15. Na3 Bd7 16. Nc4 Bb5 17. Nb6 Bxe2 18. Qxe2 Rb8 19. c4 Nd7 20. Nxd7 Qxd7 21. Bc3 Rbc8 22. b3 Bg5 23. Ra4 Rce8 24. Rb4 e4 25. Bd4 f4 26. f3 e3 27. Rc1 Bf6 28. Bb6 g5 29. c5 dxc5 30. Bxc5 Rf7 31. Re4 Rc8 32. Qd3 Qb5 33. Qxb5 axb5 34. b4 Rd7 35. Re6 Kf7 36. Rb6 Bd4 37. Rxb5 e2+ 38. Kh1 Bxc5 39. bxc5 Rxd5 40. Rxb7+ Kg6 41. Re1 Rd1 42. Rb1 Rxb1 43. Rxb1 Rd8 44. Kg1 Rd1+ 45. Kf2 Rxb1 46. Kxe2 Rc1 47. a6 Rxc5 0-1


[Site "https://www.chess.com"]

[Event "Titled Tuesday Blitz November 9 2021"]
[White "Grachev, Boris"]
[Black "Vestby-Ellingsen, Mads"]
[WhiteFideId "4129199"]
[BlackFideId "1520857"]
[WhiteElo "2555"]
[BlackElo "2232"]
[Result "1-0"]
[Round "02"]
[TimeControl "180+1"]
[Date "2021.11.09"]
[WhiteClock "0:01:20"]
[BlackClock "0:00:14"]

1. d4 Nf6 2. Bf4 d5 3. e3 c5 4. c3 Nc6 5. Nd2 cxd4 6. exd4 Bf5 7. Ngf3 e6 8. Be2 Bd6 9. Bxd6 Qxd6 10. O-O h6 11. Nb3 O-O 12. Re1 Rab8 13. a4 a6 14. Bd3 Bxd3 15. Qxd3 b5 16. Nc5 Ne7 17. axb5 axb5 18. b4 Nf5 19. Ra6 Rb6 20. Ra5 Qb8 21. Ne5 Rd8 22. Rea1 Nd6 23. Ra7 Qc8 24. Qf3 Rf8 25. Ned7 Nxd7 26. Nxd7 Rc6 27. Nxf8 Rxc3 28. Qf4 g5 29. Qd2 Ne4 30. Qe2 Rc2 31. Ng6 fxg6 32. Ra8 Rxe2 33. Rxc8+ Kf7 34. Ra7+ Kf6 35. Rf8# 1-0


[Site "https://www.chess.com"]

[Event "Titled Tuesday Blitz November 9 2021"]
[White "Grischuk, Alexander"]
[Black "Vypkhaniuk, Ihor"]
[WhiteFideId "4126025"]
[BlackFideId "14112256"]
[WhiteElo "2757"]
[BlackElo "2327"]
[Result "1-0"]
[Round "02"]
[TimeControl "180+1"]
[Date "2021.11.09"]
[WhiteClock "0:01:24"]
[BlackClock "0:00:10"]

1. e4 d5 2. exd5 Nf6 3. Nf3 Bg4 4. Bb5+ Nbd7 5. h3 Bh5 6. c4 e6 7. dxe6 fxe6 8. d4 c6 9. Ba4 Qc7 10. Be3 O-O-O 11. Nbd2 e5 12. Qb1 Bg6 13. Bc2 Bb4 14. O-O exd4 15. Nxd4 Rhe8 16. Bxg6 hxg6 17. N2f3 Rxe3 18. fxe3 Qg3 19. Ne2 Qd6 20. Qxg6 Bc5 21. Ned4 Qe7 22. Rae1 Kb8 23. Nf5 Qe4 24. Qg3+ Ka8 25. Ng5 Qc2 26. Ne6 Re8 27. Nc7+ Kb8 28. Na6+ Ka8 29. Qb8+ Nxb8 30. Nc7# 1-0


[Site "https://www.chess.com"]

[Event "Titled Tuesday Blitz November 9 2021"]
[White "Hansen, Eric"]
[Black "Korchmar, Vasiliy"]
[WhiteFideId "2606771"]
[BlackFideId "24131750"]
[WhiteElo "2568"]
[BlackElo "2370"]
[Result "1-0"]
[Round "02"]
[TimeControl "180+1"]
[Date "2021.11.09"]
[WhiteClock "0:02:13"]
[BlackClock "0:00:33"]

1. d4 Nf6 2. c4 c6 3. Nf3 d5 4. Qb3 dxc4 5. Qxc4 Bf5 6. g3 e6 7. Bg2 Nbd7 8. O-O Be7 9. e3 O-O 10. Qe2 Ne4 11. Nc3 h6 12. Nd2 Nxc3 13. bxc3 e5 14. Bb2 Qb6 15. Nc4 Qa6 16. Rfe1 Bf6 17. Bf1 c5 18. Qf3 b5 19. Qxf5 1-0


[Site "https://www.chess.com"]

[Event "Titled Tuesday Blitz November 9 2021"]
[White "Jobava, Baadur"]
[Black "Petesch, Gabriel"]
[WhiteFideId "13601520"]
[BlackFideId "2032465"]
[WhiteElo "2731"]
[BlackElo "2374"]
[Result "1-0"]
[Round "02"]
[TimeControl "180+1"]
[Date "2021.11.09"]
[WhiteClock "0:01:11"]
[BlackClock "0:00:05"]

1. e4 c5 2. d4 cxd4 3. c3 d3 4. Bxd3 Nc6 5. f4 d5 6. e5 Nh6 7. Nf3 Nf5 8. O-O h5 9. Qe2 g6 10. Kh1 e6 11. Nbd2 Bc5 12. Nb3 Bb6 13. Bxf5 gxf5 14. Be3 Bd7 15. Rad1 Qe7 16. Bxb6 axb6 17. a3 Na5 18. Nbd4 Nc4 19. h4 O-O-O 20. Ng5 Rde8 21. Kh2 f6 22. exf6 Qxf6 23. b3 Nd6 24. Ndf3 Ne4 25. c4 Kb8 26. Ne5 Bc8 27. cxd5 exd5 28. Qb2 Rd8 29. Qd4 Rhf8 30. Rc1 Nxg5 31. hxg5 Qd6 32. b4 h4 33. Rc3 Be6 34. Rfc1 Rc8 35. g6 Rxc3 36. Rxc3 Rg8 37. a4 Qd8 38. Rc6 Bc8 39. Rxb6 Qc7 40. a5 h3 41. Kxh3 Rh8+ 42. Kg3 Qc1 43. Nc6+ Kc7 44. Qe5+ Kd7 45. Qe7# 1-0


[Site "https://www.chess.com"]

[Event "Titled Tuesday Blitz November 9 2021"]
[White "Kamsky, Gata"]
[Black "Hasangatin, Ramil"]
[WhiteFideId "2000024"]
[BlackFideId "4122160"]
[WhiteElo "2645"]
[BlackElo "2375"]
[Result "1/2-1/2"]
[Round "02"]
[TimeControl "180+1"]
[Date "2021.11.09"]
[WhiteClock "0:01:05"]
[BlackClock "0:01:11"]

1. e4 d5 2. exd5 Qxd5 3. Nc3 Qd6 4. d4 c6 5. Ne4 Qe6 6. Qe2 Nf6 7. Ng5 Qxe2+ 8. Bxe2 Bf5 9. c3 h6 10. N5f3 Nbd7 11. Bf4 e6 12. Ne5 Nxe5 13. Bxe5 Be7 14. Nf3 O-O 15. O-O Rfd8 16. Rfd1 Rac8 17. h3 Nd5 18. c4 Nb6 19. Rac1 Be4 20. Nd2 Bg6 21. Nf3 Be4 22. Bf4 Bxf3 23. Bxf3 Bf6 24. Be3 Rd7 25. b3 Rcd8 26. d5 cxd5 27. Bxb6 axb6 28. cxd5 exd5 29. a4 Be5 30. Kf1 g6 31. Ke2 h5 32. Kd3 Kg7 1/2-1/2


[Site "https://www.chess.com"]

[Event "Titled Tuesday Blitz November 9 2021"]
[White "Kim, Sergey"]
[Black "Moskalenko, Alexander"]
[WhiteFideId "13700570"]
[BlackFideId "4155351"]
[WhiteElo "2582"]
[BlackElo "2515"]
[Result "0-1"]
[Round "02"]
[TimeControl "180+1"]
[Date "2021.11.09"]
[WhiteClock "0:00:58"]
[BlackClock "0:01:27"]

1. d4 Nf6 2. c4 e6 3. Nc3 Bb4 4. Qc2 O-O 5. a3 Bxc3+ 6. Qxc3 d6 7. Nf3 b6 8. g3 Bb7 9. Bg2 c6 10. O-O Nbd7 11. b3 c5 12. dxc5 bxc5 13. Bb2 Qe7 14. Rfd1 Rfd8 15. Bh3 a5 16. Rd2 e5 17. Qc2 Be4 18. Qc3 Bc6 19. Qc2 Be4 20. Qc3 Bg6 21. Qe3 Nf8 22. Nh4 Ne6 23. Nxg6 hxg6 24. Bxe6 Qxe6 25. Rad1 Rd7 26. f4 Rad8 27. fxe5 Ng4 28. Qe4 dxe5 29. Rxd7 Rxd7 30. Rxd7 Qxd7 31. Qd5 Qf5 32. Qd8+ Kh7 33. Qh4+ Nh6 34. e4 Qf3 35. Bxe5 Qxb3 36. Bf4 Qb1+ 37. Kf2 Qxe4 38. Qd8 Ng4+ 39. Kg1 Qe1+ 40. Kg2 Qe2+ 41. Kh3 Qxh2+ 0-1


[Site "https://www.chess.com"]

[Event "Titled Tuesday Blitz November 9 2021"]
[White "Kislov, Oleg"]
[Black "Siva Mahadevan"]
[WhiteFideId "13503774"]
[BlackFideId "25043153"]
[WhiteElo "2252"]
[BlackElo "2203"]
[Result "0-1"]
[Round "02"]
[TimeControl "180+1"]
[Date "2021.11.09"]
[WhiteClock "0:00:09"]
[BlackClock "0:00:04"]

1. e4 c5 2. Nf3 Nc6 3. c3 e5 4. Bc4 Be7 5. d4 cxd4 6. cxd4 exd4 7. Nxd4 Nf6 8. Nc3 O-O 9. O-O d6 10. Bf4 Ne5 11. Bb3 a6 12. f3 b5 13. Qd2 Bb7 14. Rfd1 g6 15. Bh6 Re8 16. Rac1 Rc8 17. Kh1 Qd7 18. Nf5 gxf5 19. Qg5+ Ng6 20. exf5 Rc5 21. fxg6 Rxg5 22. gxf7+ Kh8 23. fxe8=Q+ Nxe8 24. Bxg5 Bxg5 25. Rc2 Qf5 26. Re2 Nf6 27. Rxd6 b4 28. Re7 Ng8 29. Re8 h6 30. Rxg8+ Kh7 31. Ne4 Bxe4 32. Re8 Bxf3 33. Rc6 Qb1+ 0-1


[Site "https://www.chess.com"]

[Event "Titled Tuesday Blitz November 9 2021"]
[White "Koellner, Ruben Gideon"]
[Black "Svane, Frederik"]
[WhiteFideId "12993093"]
[BlackFideId "12923044"]
[WhiteElo "2585"]
[BlackElo "2459"]
[Result "0-1"]
[Round "02"]
[TimeControl "180+1"]
[Date "2021.11.09"]
[WhiteClock "0:00:04"]
[BlackClock "0:00:06"]

1. d4 Nf6 2. Bg5 e6 3. Nd2 c5 4. e3 cxd4 5. exd4 Be7 6. c3 b6 7. Ngf3 Bb7 8. Bd3 O-O 9. Bxf6 Bxf6 10. Qe2 d6 11. h4 g6 12. h5 Bg7 13. hxg6 hxg6 14. O-O-O Re8 15. Kb1 Nc6 16. Ne4 d5 17. Neg5 e5 18. Nxf7 Kxf7 19. Bxg6+ Kxg6 20. Nh4+ Kf7 21. Qh5+ Kg8 22. Nf5 Qf6 23. Rd3 Re7 24. Rf3 Rf7 25. Qh7+ Kf8 26. Nh6 Qxf3 27. gxf3 Bxh6 28. Qxh6+ Ke7 29. dxe5 Raf8 30. Qg5+ Kd7 31. Rh6 Nd8 32. e6+ Nxe6 33. Qg4 Rf6 34. Rxf6 Rxf6 35. f4 Rxf4 36. Qg3 Bc6 37. Kc1 d4 38. cxd4 Rxd4 39. Qe3 Rc4+ 40. Kd2 Rd4+ 41. Kc3 Rd5 42. b3 Rc5+ 43. Kb2 a5 44. Qd2+ Rd5 45. Qe3 Nc5 46. Qh6 Nd3+ 47. Kc3 Kc7 48. Qg7+ Rd7 49. Qg3+ Kb7 50. Qe3 Nc5 51. a4 Rd3+ 52. Kb2 Rxe3 53. fxe3 Be4 54. Kc3 Kc6 55. b4 Nxa4+ 56. Kd4 Bd5 57. bxa5 bxa5 58. e4 Bxe4 0-1


[Site "https://www.chess.com"]

[Event "Titled Tuesday Blitz November 9 2021"]
[White "Kollars, Dmitrij"]
[Black "Tatarinov, Dmitry"]
[WhiteFideId "12909572"]
[BlackFideId "24160067"]
[WhiteElo "2584"]
[BlackElo "2295"]
[Result "1-0"]
[Round "02"]
[TimeControl "180+1"]
[Date "2021.11.09"]
[WhiteClock "0:00:14"]
[BlackClock "0:00:14"]

1. d4 Nf6 2. Nf3 d5 3. c4 e6 4. g3 Be7 5. Bg2 O-O 6. O-O dxc4 7. Qc2 a6 8. a4 Bd7 9. Bg5 Bc6 10. Rd1 b5 11. Nbd2 Nbd7 12. e4 Bb7 13. Ne5 Nxe5 14. dxe5 Nd7 15. Bxe7 Qxe7 16. Qc3 Qc5 17. Nxc4 b4 18. Qd4 Rad8 19. Rac1 Ba8 20. a5 g6 21. h4 h5 22. Ne3 Qxd4 23. Rxd4 c5 24. Rd6 Nxe5 25. Rxd8 Rxd8 26. Rxc5 Nd3 27. Rc2 Ne5 28. f4 Nc6 29. Nc4 Rd1+ 30. Kf2 Ra1 31. Rd2 Kg7 32. Rd7 Nxa5 33. Ne5 Ra2 34. Rxf7+ Kg8 35. Rc7 Rxb2+ 36. Kg1 Bb7 37. Bh3 Rb1+ 38. Kf2 Rb2+ 39. Ke3 Rb3+ 40. Kd4 Rxg3 41. Bxe6+ Kf8 42. f5 gxf5 43. exf5 Rc3 44. Ng6+ Ke8 45. Rh7 Nc6+ 46. Kd5 Ne7+ 47. Ke5 Nxg6+ 48. fxg6 Rg3 49. Rxb7 1-0


[Site "https://www.chess.com"]

[Event "Titled Tuesday Blitz November 9 2021"]
[White "Lazavik, Denis"]
[Black "Golubev, Mikhail"]
[WhiteFideId "13515110"]
[BlackFideId "14100983"]
[WhiteElo "2436"]
[BlackElo "2374"]
[Result "1-0"]
[Round "02"]
[TimeControl "180+1"]
[Date "2021.11.09"]
[WhiteClock "0:00:08"]
[BlackClock "0:00:01"]

1. d4 Nf6 2. c4 g6 3. g3 Bg7 4. Bg2 O-O 5. Nc3 d6 6. Nf3 Nbd7 7. O-O e5 8. e4 c6 9. h3 exd4 10. Nxd4 Qb6 11. Nde2 Re8 12. b3 Nc5 13. Be3 Qc7 14. f3 a5 15. Rc1 Nfd7 16. Qd2 Ne5 17. f4 Ned3 18. Rb1 f5 19. exf5 Bxf5 20. g4 Bc8 21. Bd4 Bxd4+ 22. Nxd4 Qg7 23. Nce2 Qe7 24. Rf3 Nb4 25. a3 Ne4 26. Qb2 Na6 27. Re1 d5 28. Ng3 Nac5 29. b4 axb4 30. axb4 Ne6 31. Nxe4 Nxd4 32. Qxd4 dxe4 33. Rfe3 Qxb4 34. Bxe4 Be6 35. f5 gxf5 36. gxf5 Qxc4 37. Rg3+ 1-0


[Site "https://www.chess.com"]

[Event "Titled Tuesday Blitz November 9 2021"]
[White "Macovei, Andrei"]
[Black "Paravyan, David"]
[WhiteFideId "13904680"]
[BlackFideId "4194985"]
[WhiteElo "2389"]
[BlackElo "2639"]
[Result "1/2-1/2"]
[Round "02"]
[TimeControl "180+1"]
[Date "2021.11.09"]
[WhiteClock "0:00:07"]
[BlackClock "0:00:20"]

1. e4 e5 2. Nf3 Nc6 3. Bc4 d6 4. O-O Be7 5. d4 Nf6 6. Nc3 Bg4 7. dxe5 Nxe5 8. Be2 Bxf3 9. Bxf3 O-O 10. Be2 c6 11. f4 Qb6+ 12. Kh1 Ng6 13. Bd3 Rad8 14. Qe2 Rfe8 15. b3 Bf8 16. Be3 Qa5 17. Bd2 Qh5 18. Qxh5 Nxh5 19. g3 Nf6 20. Rae1 h6 21. Bc1 Re7 22. Bb2 Rde8 23. Re2 Nd7 24. Rfe1 Nc5 25. Kg2 Rd7 26. Kf3 Rdd8 27. Nd1 Ne7 28. Ne3 Nc8 29. h4 Nb6 30. h5 a5 31. a4 Nbd7 32. Nf5 Nxd3 33. cxd3 Nc5 34. Rh1 Nxd3 35. Bc3 b6 36. Rh4 Kh7 37. Rg4 g6 38. hxg6+ fxg6 39. Nh4 Re6 40. f5 gxf5 41. exf5 Rxe2 42. Kxe2 Ne5 43. Bxe5 dxe5 44. Rg6 Rd6 45. Ke3 Rxg6 46. Nxg6 Bd6 47. Ke4 Kg7 48. Nxe5 Kf6 49. Ng4+ Kg5 50. Ne5 Bc7 51. g4 b5 52. Nf3+ Kf6 53. Nd4 bxa4 54. bxa4 c5 55. Ne6 Bb6 56. Kd5 h5 57. gxh5 Kxf5 58. Nxc5 Kg5 59. Nb7 Kxh5 60. Kc6 Ba7 61. Nxa5 Kg6 62. Kb7 Bc5 63. Nc4 Bb4 64. Kb6 Kf5 65. Kb5 Be1 66. a5 Bxa5 1/2-1/2


[Site "https://www.chess.com"]

[Event "Titled Tuesday Blitz November 9 2021"]
[White "Maghsoodloo, Parham"]
[Black "Tarasenka, Aliaksandra"]
[WhiteFideId "12539929"]
[BlackFideId "13514288"]
[WhiteElo "2601"]
[BlackElo "1796"]
[Result "1-0"]
[Round "02"]
[TimeControl "180+1"]
[Date "2021.11.09"]
[WhiteClock "0:01:03"]
[BlackClock "0:00:03"]

1. e4 c5 2. Nc3 Nc6 3. Bb5 Nd4 4. Nf3 Nxb5 5. Nxb5 a6 6. Nc3 d6 7. d4 cxd4 8. Nxd4 Nf6 9. Bg5 e5 10. Nf5 Bxf5 11. exf5 Be7 12. Bxf6 Bxf6 13. Qd5 Qc7 14. O-O-O Be7 15. Ne4 Rd8 16. g4 Qc6 17. g5 f6 18. h4 Qxd5 19. Rxd5 Kd7 20. Rhd1 Kc6 21. c4 b6 22. b4 Rd7 23. Kc2 Rhd8 24. a4 Kc7 25. a5 bxa5 26. Rxa5 Kb6 27. g6 hxg6 28. fxg6 d5 29. Raxd5 Rxd5 30. Rxd5 Rh8 31. Rd7 Bxb4 32. Rxg7 Rxh4 33. Nxf6 Rxc4+ 34. Kb3 Rf4 35. Nd5+ 1-0


[Site "https://www.chess.com"]

[Event "Titled Tuesday Blitz November 9 2021"]
[White "Makhnev, Denis"]
[Black "Ahn, Hongjin"]
[WhiteFideId "13707647"]
[BlackFideId "13201492"]
[WhiteElo "2537"]
[BlackElo "1873"]
[Result "1-0"]
[Round "02"]
[TimeControl "180+1"]
[Date "2021.11.09"]
[WhiteClock "0:00:58"]
[BlackClock "0:00:02"]

1. e4 c5 2. Nf3 d6 3. d4 cxd4 4. Nxd4 Nf6 5. Nc3 a6 6. Bg5 Nbd7 7. Bc4 Qc7 8. Bb3 e6 9. Qd2 Nc5 10. Bxf6 gxf6 11. O-O-O Bd7 12. f4 h5 13. Kb1 O-O-O 14. f5 Bh6 15. Qf2 Rdf8 16. Rhe1 Kb8 17. Nf3 b5 18. Qd4 d5 19. Bxd5 exd5 20. Nxd5 Qd6 21. e5 fxe5 22. Nxe5 Be8 23. Qb4 Rhg8 24. Nf6 Qxf6 25. Qxc5 Bf4 26. Rd6 Bxe5 27. Qb6+ 1-0


[Site "https://www.chess.com"]

[Event "Titled Tuesday Blitz November 9 2021"]
[White "Manukyan, Artyom"]
[Black "Babazada, Khazar"]
[WhiteFideId "13305786"]
[BlackFideId "13413554"]
[WhiteElo "2034"]
[BlackElo "2302"]
[Result "0-1"]
[Round "02"]
[TimeControl "180+1"]
[Date "2021.11.09"]
[WhiteClock "0:00:01"]
[BlackClock "0:01:20"]

1. e4 g6 2. d4 Bg7 3. Nc3 a6 4. a4 b6 5. f4 Bb7 6. Nf3 e6 7. Bd3 Ne7 8. O-O O-O 9. Ne2 c5 10. c3 Nbc6 11. Be3 Qc7 12. Rc1 d6 13. Qe1 Rae8 14. Qh4 Na5 15. Ng5 h6 16. Nf3 f5 17. Nd2 fxe4 18. Bxe4 Bxe4 19. Nxe4 Nf5 20. Qh3 Qc6 21. Nd2 Qxa4 22. g4 Nxe3 23. Qxe3 Nc4 24. Nxc4 Qxc4 25. Rcd1 e5 26. dxe5 dxe5 27. b3 Qe6 28. h3 exf4 29. Qxe6+ Rxe6 30. Nxf4 Re3 31. Rd7 Bxc3 32. Kg2 Be5 33. Nxg6 Rg3+ 34. Kh2 Rxb3+ 35. Nxe5 Rxf1 36. Kg2 Re1 37. Nf7 Re6 38. Nd8 Rf6 0-1


[Site "https://www.chess.com"]

[Event "Titled Tuesday Blitz November 9 2021"]
[White "Martic, Ivan"]
[Black "Salinas Herrera, Pablo"]
[WhiteFideId "929301"]
[BlackFideId "3407128"]
[WhiteElo "2290"]
[BlackElo "2541"]
[Result "0-1"]
[Round "02"]
[TimeControl "180+1"]
[Date "2021.11.09"]
[WhiteClock "0:01:42"]
[BlackClock "0:02:11"]

1. e4 e5 2. Nf3 Nc6 3. Bb5 a6 4. Ba4 d6 5. O-O Bd7 6. c3 g6 7. d4 Bg7 8. Re1 Nf6 9. d5 Ne7 10. c4 O-O 11. Bxd7 Nxd7 12. Nc3 h6 13. Rb1 f5 14. b4 Nf6 15. Nd2 c6 16. a4 cxd5 17. cxd5 Rc8 18. Bb2 h5 19. Qe2 Bh6 20. Nc4 fxe4 21. Nxe4 Nxe4 22. Qxe4 Rf4 23. Qxf4 Bxf4 24. Nd2 Bxd2 0-1


[Site "https://www.chess.com"]

[Event "Titled Tuesday Blitz November 9 2021"]
[White "Martinez Alcantara, Jose Eduardo"]
[Black "Kalashian, David"]
[WhiteFideId "3805662"]
[BlackFideId "13302418"]
[WhiteElo "2690"]
[BlackElo "2490"]
[Result "1-0"]
[Round "02"]
[TimeControl "180+1"]
[Date "2021.11.09"]
[WhiteClock "0:00:04"]
[BlackClock "0:00:01"]

1. e4 c6 2. d4 g6 3. Nf3 Bg7 4. c3 d6 5. h3 Nf6 6. Bd3 O-O 7. O-O Nbd7 8. Nbd2 b5 9. Re1 e5 10. Nf1 a6 11. Ng3 Re8 12. Bg5 h6 13. Be3 exd4 14. cxd4 c5 15. Qd2 Kh7 16. d5 Ne5 17. Nxe5 Rxe5 18. a4 Rb8 19. axb5 axb5 20. Rad1 Re8 21. b3 Nd7 22. f4 b4 23. e5 dxe5 24. f5 e4 25. fxg6+ fxg6 26. Nxe4 Ne5 27. Bf4 Nxd3 28. Qxd3 Ra8 29. Nxc5 Rxe1+ 30. Rxe1 Bf5 31. Ne4 Qb6+ 32. Kh1 Re8 33. Qf3 Qb5 34. Bg3 Qd7 35. Nc5 Rxe1+ 36. Bxe1 Qe7 37. Bf2 Qe5 38. g4 Bc2 39. Kg1 Qa1+ 40. Kg2 Qe5 41. h4 h5 42. gxh5 gxh5 43. Kg1 Bg6 44. Kf1 Qd6 45. Ne6 Bh6 46. Be3 Bxe3 47. Qxe3 Qxd5 48. Ng5+ Kh6 49. Ne6+ Kh7 50. Ng5+ Kh6 51. Ke1 Qf5 52. Qd4 1-0


[Site "https://www.chess.com"]

[Event "Titled Tuesday Blitz November 9 2021"]
[White "Nozdrachev, Leonid"]
[Black "Tari, Aryan"]
[WhiteFideId "24113433"]
[BlackFideId "1510045"]
[WhiteElo "2124"]
[BlackElo "2656"]
[Result "0-1"]
[Round "02"]
[TimeControl "180+1"]
[Date "2021.11.09"]
[WhiteClock "0:00:02"]
[BlackClock "0:00:55"]

1. e4 c6 2. d4 d5 3. Nc3 dxe4 4. Nxe4 Na6 5. Nf3 Nf6 6. Ng3 g6 7. c3 Bg7 8. Bxa6 bxa6 9. O-O O-O 10. Ne5 c5 11. dxc5 Qc7 12. Qf3 Be6 13. Nd3 Bd5 14. Qf4 Qb7 15. c6 Bxc6 16. Nc5 Qb5 17. Qb4 Nd5 18. Qxb5 axb5 19. Re1 Rfd8 20. Bg5 Kf8 21. Rad1 h6 22. Bc1 Nb6 23. f3 a5 24. Kf2 b4 25. Nge4 Rac8 26. Bd2 Nc4 27. cxb4 Bd4+ 28. Kg3 Nxd2 29. Rxd2 axb4 30. Red1 Be5+ 31. f4 Rxd2 32. Rxd2 Bg7 33. a3 bxa3 34. bxa3 Ra8 35. Rd3 f5 36. Ne6+ Kf7 37. N4c5 Be4 38. Re3 Bb2 39. Nxe4 Kxe6 40. Nd2+ Kf7 41. Nf3 Bxa3 42. Rb3 Bd6 43. Kf2 Bxf4 44. g3 Bd6 45. Kf1 g5 46. Rd3 Kf6 47. Kg2 Ra2+ 48. Rd2 Rxd2+ 49. Nxd2 e5 50. Nc4 Bc5 51. Kf3 e4+ 52. Ke2 f4 53. gxf4 gxf4 54. Nd2 Ke5 55. Nc4+ Kd4 56. Na5 f3+ 57. Kf1 e3 58. Nc6+ Ke4 59. Nd8 e2+ 60. Ke1 Ke3 0-1


[Site "https://www.chess.com"]

[Event "Titled Tuesday Blitz November 9 2021"]
[White "Ostrovskiy, Aleksandr"]
[Black "Bilych, Olexiy"]
[WhiteFideId "2034239"]
[BlackFideId "14156504"]
[WhiteElo "2340"]
[BlackElo "2195"]
[Result "1-0"]
[Round "02"]
[TimeControl "180+1"]
[Date "2021.11.09"]
[WhiteClock "0:00:08"]
[BlackClock "0:00:05"]

1. e4 c5 2. Nc3 Nc6 3. Bb5 Nd4 4. Nf3 a6 5. Bd3 Nc6 6. O-O e6 7. b3 g6 8. Bb2 Bg7 9. Re1 d6 10. Na4 e5 11. Bf1 Nge7 12. Nc3 O-O 13. a4 h6 14. Bc4 Na5 15. d3 Nxc4 16. dxc4 f5 17. Qd3 Nc6 18. Rad1 Nd4 19. Nd2 f4 20. f3 g5 21. Nd5 Be6 22. Bxd4 cxd4 23. c3 g4 24. cxd4 g3 25. Nf1 Qh4 26. Nc7 Bf7 27. Nxa8 Rxa8 28. c5 exd4 29. cxd6 Be5 30. Rc1 Qf6 31. d7 Rd8 32. Rc8 Kg7 33. Rxd8 Qxd8 34. hxg3 fxg3 35. f4 Bxf4 36. Qxd4+ Kh7 37. e5 Bg5 38. e6 Bg6 39. e7 Bxe7 40. Rxe7+ 1-0


[Site "https://www.chess.com"]

[Event "Titled Tuesday Blitz November 9 2021"]
[White "Ozen, Deniz"]
[Black "Maltsevskaya, Aleksandra"]
[WhiteFideId "6349196"]
[BlackFideId "24174041"]
[WhiteElo "2326"]
[BlackElo "2285"]
[Result "1-0"]
[Round "02"]
[TimeControl "180+1"]
[Date "2021.11.09"]
[WhiteClock "0:00:17"]
[BlackClock "0:00:01"]

1. d4 Nf6 2. Bf4 e6 3. e3 b6 4. Qf3 d5 5. Nd2 Bb7 6. Bd3 Nbd7 7. g4 h6 8. h4 c5 9. g5 hxg5 10. hxg5 Rxh1 11. Qxh1 Ng8 12. g6 f5 13. Ngf3 c4 14. Be2 Qe7 15. c3 O-O-O 16. O-O-O b5 17. Ng5 b4 18. Nb1 Nb6 19. Nf7 Nf6 20. Nxd8 Kxd8 21. Qh8 Na4 22. Bg5 bxc3 23. bxc3 Kd7 24. Qh2 Nxc3 25. Nxc3 Qa3+ 26. Kd2 Ne4+ 27. Ke1 Qxc3+ 28. Kf1 Nxg5 29. Qb8 Qb4 30. a3 Qb6 31. Qxf8 c3 32. Qxg7+ Ke8 33. Qg8+ Ke7 34. g7 Ba6 35. Qf8+ Kd7 36. g8=Q Bxe2+ 37. Kg2 Bf3+ 38. Kg3 Qc7+ 39. Kh4 Qh2+ 40. Kxg5 Qh5+ 41. Kf6 Qh4+ 42. Qg5 1-0


[Site "https://www.chess.com"]